 Dungeon Crawl Stone Soup version 0.20-a0-623-gaf3b657 (webtiles) character file.

100 MirrMurr the Cutter (level 4, 0/23 HPs)
             Began as a Spriggan Berserker on Feb 10, 2017.
             Was a Believer of Trog.
             Shot with a sling bullet by a goblin (4 damage)
             ... led by Robin
             ... on level 3 of the Dungeon.
             The game lasted 00:05:42 (2151 turns).

MirrMurr the Cutter (Spriggan Berserker)            Turns: 2151, Time: 00:05:42

Health: 0/23       AC:  2    Str: 13    XL:     4   Next: 47%
Magic:  5/5        EV: 20    Int:  8    God:    Trog [**....]
Gold:   91         SH:  0    Dex: 16    Spells: 3/3 levels left

rFire    . . .     SeeInvis +   b - +1 fustibalus
rCold    . . .     Gourm    .   o - +0 animal skin
rNeg     . . .     Faith    .   (shield restricted)
rPois    .         Spirit   .   (helmet restricted)
rElec    .         Reflect  .   (no cloak)
rCorr    .         Harm     .   (gloves unavailable)
MR       .....                  (boots unavailable)
Stlth    ++........             (no amulet)
Regen    0.1/turn               (no ring)
                                (no ring)

@: very quick
A: unfitting armour, see invisible, herbivore 3, speed 3, slow metabolism 2
a: Berserk, Trog's Hand, Burn Spellbooks, Renounce Religion


You were on level 3 of the Dungeon.
You worshipped Trog.
Trog was pleased with you.
You were not hungry.

You visited 1 branch of the dungeon, and saw 3 of its levels.

You collected 91 gold pieces.

Inventory:

Hand Weapons
 a - a +0 short sword
 b - a +1 fustibalus (weapon)
Missiles
 e - a throwing net
 l - 32 stones (quivered)
 n - 12 sling bullets
Armour
 o - a +0 animal skin (worn)
Potions
 f - 2 potions of heal wounds
 h - a potion of degeneration {unknown}
 i - a potion of cancellation {unknown}
 j - a potion of resistance {unknown}
 m - a potion of flight {unknown}
Comestibles
 c - a bread ration
 k - a royal jelly


   Skills:
 - Level 2.4 Fighting
 + Level 4.7 Short Blades
 * Level 0.8(1.3) Slings
 - Level 1.3(1.4) Throwing
 - Level 4.4 Dodging
 + Level 3.4 Stealth


You had 3 spell levels left.
You didn't know any spells.

Dungeon Overview and Level Annotations

Branches:
Dungeon (3/15)

Altars:
Uskayaw

Annotations:
D:3 1 runed door, Robin


Innate Abilities, Weirdness & Mutations

You are very small and have problems with some larger weapons.
You are too small for most types of armour.
You have supernaturally acute eyesight. (SInv)
You are a herbivore.
You cover ground extremely quickly.
You need consume almost no food.


Message History

You are too injured to fight recklessly!
You are too injured to fight recklessly!
Unknown command.
You are too injured to fight recklessly!
Firing (i - inventory. (,) - cycle):
l - 35 stones (quivered)
Press: ? - help, Shift-Dir - straight line, f/p - goblin
Aim: a goblin, wielding a hunting sling You shoot a stone.
The stone barely misses the goblin.
The goblin shoots a sling bullet.
The sling bullet hits you.
* * * LOW HITPOINT WARNING * * *
Firing (i - inventory. (,) - cycle):
l - 34 stones (quivered)
Press: ? - help, Shift-Dir - straight line, f/p - goblin
Aim: a goblin, wielding a hunting sling You shoot a stone.
The stone closely misses the goblin.
Firing (i - inventory. (,) - cycle):
l - 33 stones (quivered)
Press: ? - help, Shift-Dir - straight line, f/p - goblin
Aim: a goblin, wielding a hunting sling You shoot a stone.
The stone misses the goblin.
The goblin shoots a sling bullet.
The sling bullet hits you.
You die...

#..........................
####.....###.###.####.##<..
#.....##.............##.
#.....##..###.####.#....
#.....##...##.##...#....
#.....##.#.##...........
''.....##†#..#.......÷...
.......##)##.#........##.
(.g....@.............+..
((..####.##..........##. #
#.###.........##.
#########.# #..###.......
..........###.>#########.
.............#.#.........
#####.....#.##.#.########
#.....#.##.#.........
#######.##.#..######.


You could see a goblin.

Vanquished Creatures
  Jessica (D:3)
  3 adders
  A worm (D:3)
  A dart slug (D:2)
  4 bats
  A giant cockroach (D:1)
  2 goblins
  10 hobgoblins
  2 jackals (D:2)
  6 kobolds
  A ball python (D:3)
  2 frilled lizards
  8 rats
42 creatures vanquished.

Notes
Turn   | Place    | Note
-------+----------+-------------------------------------------
     0 | D:1      | MirrMurr the Spriggan Berserker began the quest for the Orb.
     0 | D:1      | Reached XP level 1. HP: 11/11 MP: 2/2
   254 | D:1      | Reached skill level 1 in Stealth
   254 | D:1      | Reached XP level 2. HP: 13/16 MP: 3/3
   801 | D:2      | Reached skill level 1 in Throwing
   801 | D:2      | Reached XP level 3. HP: 19/19 MP: 4/4
   885 | D:2      | Reached ** piety under Trog
  1783 | D:3      | Noticed an enchanted dagger
  1783 | D:3      | Noticed an enchanted dagger
  1791 | D:3      | Noticed Jessica
  1822 | D:3      | Killed Jessica
  1822 | D:3      | Reached XP level 4. HP: 23/23 MP: 5/5
  1835 | D:3      | Found a hide-covered altar of Uskayaw.
  1916 | D:3      | Noticed Robin
  2061 | D:3      | Found a runed door.
  2151 | D:3      | Shot with a sling bullet by a goblin

Vault maps used:
D:1:      arrival_zaba_pyramid
D:3:      dancing_weapons_uskayaw, first_bread, uniq_jessica,
          uniq_crazy_yiuf_cottage, uniq_robin

Skill      XL: |  1  2  3  4 |
---------------+-------------+-----
Stealth        | 1 2 3 |  3.4
Short Blades   | 4 |  4.7
Throwing       | 1 |  1.3
Fighting       | |  2.4
Slings         | |  0.8
Dodging        | |  4.4

Action                   |  1- 3 |  4- 6 || total
-------------------------+-------+-------++-------
Melee: Short sword       |    83 |    12 ||    95
 Fire: Fustibalus        |    21 |    27 ||    48
Throw: Throwing net      |       |     2 ||     2
  Use: Scroll            |     7 |     3 ||    10
 Stab: Sleeping          |     4 |       ||     4
Armor: Animal skin       |     5 |     2 ||     7
Dodge: Dodged            |    48 |    32 ||    80
